 Dungeon Crawl Stone Soup version 0.21.0 (webtiles) character file.

900 mopl the Carver (level 8, -2/44 HPs)
             Began as a Tengu Skald on Jan 7, 2018.
             Was a Priest of Okawaru.
             Slain by manyhoops's ghost (16 damage)
             ... on level 6 of the Dungeon.
             The game lasted 00:08:28 (3871 turns).

mopl the Carver (Tengu Skald)                       Turns: 3871, Time: 00:08:29

Health: -2/44      AC:  8    Str: 12    XL:     8   Next: 7%
Magic:  10/12      EV: 11    Int: 14    God:    Okawaru [***...]
Gold:   176        SH:  0    Dex: 15    Spells: 3/11 levels left

rFire    . . .     SeeInvis .   b - +2 dagger (elec)
rCold    . . .     Gourm    .   (no shield)
rNeg     . . .     Faith    +   o - +3 leather armour {MR+}
rPois    .         Spirit   .   (helmet restricted)
rElec    .         Reflect  .   y - +0 cloak
rCorr    .         Harm     .   p - +0 pair of gloves
MR       +....                  (boots unavailable)
Stlth    ..........             n - amulet of faith {!P}
HPRegen  0.14/turn              w - ring of loudness (curse)
MPRegen  0.13/turn              (no ring)

@: infused (expiring), very slightly contaminated, heavily drained
A: beak, talons 3, able to fly 1
a: Fly, Heroism, Renounce Religion


You were on level 6 of the Dungeon.
You worshipped Okawaru.
Okawaru was most pleased with you.
You were very hungry.

You visited 1 branch of the dungeon, and saw 6 of its levels.

You collected 374 gold pieces.
You spent 198 gold pieces at shops.

Inventory:

Hand Weapons
 a - a +0 falchion
 b - a +2 dagger of electrocution (weapon)
Missiles
 g - 3 javelins (quivered)
 j - 9 tomahawks
 r - 2 curare-tipped needles
 u - a throwing net
Armour
 o - a +3 leather armour of magic resistance (worn)
 p - a +0 pair of gloves (worn)
 y - a +0 cloak (worn)
Magical Staves
 I - an uncursed staff of earth
Jewellery
 n - an amulet of faith (around neck) {!P}
 w - a cursed ring of loudness (left hand)
Wands
 e - a wand of paralysis (13)
 D - a wand of flame (22)
Scrolls
 h - 2 scrolls of fog {unknown}
 l - 7 scrolls of teleportation {unknown}
 m - 3 scrolls of remove curse {unknown}
 s - 2 scrolls of noise {unknown}
 t - 3 scrolls of blinking {unknown}
 v - 2 scrolls of amnesia {unknown}
 x - 2 scrolls of enchant weapon {unknown}
 E - a scroll of magic mapping {unknown}
 F - a scroll of identify
 H - a scroll of enchant armour {unknown}
 J - a scroll of fear
Potions
 i - 2 potions of curing
 k - a potion of agility
 q - a potion of haste
 z - 2 potions of flight
 A - a potion of heal wounds
 B - a potion of berserk rage {!q}
 C - 2 potions of invisibility
 G - a potion of ambrosia
Books
 c - a book of Battle

   Spells                             Type                      Level
   a - Infusion                       Charms                       1
   b - Shroud of Golubria             Charms/Translocation         2
   c - Song of Slaying                Charms                       2
   d - Spectral Weapon                Hexes/Charms                 3
   e - Regeneration                   Charms/Necromancy            3
 f - a book of Maledictions

   Spells                             Type                      Level
   a - Corona                         Hexes                        1
   b - Ensorcelled Hibernation        Hexes/Ice                    2
   c - Confuse                        Hexes                        3
   d - Tukima's Dance                 Hexes                        3
   e - Dazzling Spray                 Conjuration/Hexes            3
Comestibles
 d - 13 rations


   Skills:
 - Level 2.0(0.3) Fighting
 * Level 8.6(6.6) Long Blades
 - Level 1.1(0.0) Armour
 - Level 2.1(0.5) Dodging
 - Level 2.0(0.3) Spellcasting
 - Level 2.4(0.7) Charms
 + Level 4.0(2.3) Invocations


You had 3 spell levels left.
You knew the following spells:

 Your Spells              Type           Power        Failure   Level  Hunger
a - Infusion              Chrm           #...         26%         1    ##.....
b - Spectral Weapon       Hex/Chrm       #.......     67%         3    ####...
c - Song of Slaying       Chrm           #.......     36%         2    ###....
f - Shroud of Golubria    Chrm/Tloc      #.........   43%         2    ###....


Dungeon Overview and Level Annotations

Branches:
Dungeon (6/15)             Temple (0/1) D:5

Altars:
Ashenzari
Fedhas
Hepliaklqana
Makhleb
Nemelex Xobeh
Okawaru
Uskayaw
Xom
The Shining One

Shops:
D:4 *

Annotations:
D:6 manyhoops's ghost, novice GnWn


Innate Abilities, Weirdness & Mutations

You have a beak for a mouth.
You have claws for feet.
You can fly.


Message History

Manyhoops's ghost misses you.
You closely miss manyhoops's ghost.
Manyhoops's ghost is heavily damaged.
Manyhoops's ghost hits you.
You feel drained.
Your leather armour prevents you from hitting manyhoops's ghost.
You peck manyhoops's ghost, but do no damage.
Manyhoops's ghost is heavily damaged.
Manyhoops's ghost hits you.
You feel drained.
You hit manyhoops's ghost.
Manyhoops's ghost is heavily damaged.
Manyhoops's ghost whispers, "It is all a dream - a grotesque and foolish dream."
Manyhoops's ghost barely misses you.
You hit manyhoops's ghost but do no damage.
You claw manyhoops's ghost. Your peck misses manyhoops's ghost.
Manyhoops's ghost is heavily damaged.
You barely miss manyhoops's ghost.
Manyhoops's ghost is heavily damaged.
Your magical infusion is running out.
Manyhoops's ghost hits you!
You die...

## .# #.# .# #.# .# #.#
.# #.# .#
#.#########.#####
#........>@W....#
#######..##.##.##.###.#
.......<.##.##.# .#
#######........# .#
#..#####....# #..#
#.#..# #..# #?# .# ##.#
#.# ## ...


You could see manyhoops's ghost.

Vanquished Creatures
  The ghost of Leibowitz the Cutter, an amateur KoGl (D:4)
  A phantom (D:4)
  A centaur (D:4)
  A scorpion (D:4)
  4 crimson imps
  A hound (D:5)
  2 centaur skeletons (D:4)
  An iguana (D:5)
  2 worker ants (D:4)
  4 gnolls
  6 adders
  4 oozes
  2 dart slugs
  3 leopard geckos
  9 orcs
  5 giant cockroaches
  8 goblins
  12 hobgoblins
  12 jackals
  2 quokkas (D:2)
  2 ball pythons
  6 bats
  8 frilled lizards
  2 jackal skeletons (D:4)
  5 kobolds
  A leopard gecko zombie (D:2)
  A quokka skeleton (D:4)
  9 rats
115 creatures vanquished.

Notes
Turn   | Place    | Note
-------+----------+-------------------------------------------
     0 | D:1      | mopl the Tengu Skald began the quest for the Orb.
     0 | D:1      | Reached XP level 1. HP: 12/12 MP: 4/4
    75 | D:1      | Reached XP level 2. HP: 10/17 MP: 0/6
    77 | D:1      | Reached skill level 3 in Long Blades
    82 | D:1      | Learned a level 2 spell: Song of Slaying
    85 | D:1      | Learned a level 2 spell: Shroud of Golubria
   368 | D:1      | Reached XP level 3. HP: 19/21 MP: 7/7
   645 | D:1      | Reached skill level 4 in Long Blades
   786 | D:2      | Found a sparkling altar of Nemelex Xobeh.
   786 | D:2      | Found a blossoming altar of Fedhas.
   786 | D:2      | Found a shattered altar of Ashenzari.
   786 | D:2      | Found a glowing golden altar of the Shining One.
   813 | D:2      | Found an iron altar of Okawaru.
   823 | D:2      | Became a worshipper of Warmaster Okawaru
   868 | D:2      | Reached XP level 4. HP: 26/26 MP: 8/8
   933 | D:2      | Noticed a hand axe
   933 | D:2      | Noticed a dagger
   935 | D:2      | Found a hide-covered altar of Uskayaw.
  1189 | D:3      | Found a hazy altar of Hepliaklqana.
  1367 | D:3      | Reached skill level 5 in Long Blades
  1367 | D:3      | Reached skill level 1 in Invocations
  1420 | D:3      | Gained mutation: You can fly. [Tengu growth]
  1420 | D:3      | Reached XP level 5. HP: 19/30 MP: 3/9
  1674 | D:3      | Learned a level 3 spell: Spectral Weapon
  2245 | D:4      | Noticed Leibowitz's ghost (amateur KoGl)
  2307 | D:4      | Reached * piety under Okawaru
  2307 | D:4      | Reached skill level 6 in Long Blades
  2307 | D:4      | Reached skill level 2 in Invocations
  2307 | D:4      | Reached XP level 6. HP: 31/35 MP: 4/10
  2427 | D:4      | Killed Leibowitz's ghost
  2427 | D:4      | Reached ** piety under Okawaru
  2479 | D:4      | Found Jyot's Assorted Antiques.
  2482 | D:4      | Bought a yellow potion for 20 gold pieces
  2482 | D:4      | Bought a smoky coppery potion for 20 gold pieces
  2482 | D:4      | Bought a scroll labeled ZANORCH AFOOCIO for 23 gold pieces
  2482 | D:4      | Bought a scroll labeled VUTYBLASEAZ for 23 gold pieces
  2482 | D:4      | Bought a sedimented cyan potion for 20 gold pieces
  2482 | D:4      | Bought a worn glass wand for 92 gold pieces
  2509 | D:4      | Reached skill level 7 in Long Blades
  2670 | D:4      | Found a burning altar of Makhleb.
  2676 | D:4      | Reached XP level 7. HP: 40/40 MP: 8/11
  2687 | D:4      | Reached skill level 3 in Invocations
  3063 | D:4      | Reached skill level 8 in Long Blades
  3240 | D:5      | Entered Level 5 of the Dungeon
  3310 | D:5      | Found a staircase to the Ecumenical Temple.
  3433 | D:5      | Reached *** piety under Okawaru
  3454 | D:5      | Found a burning altar of Makhleb.
  3501 | D:5      | Found a shimmering altar of Xom.
  3617 | D:5      | Reached XP level 8. HP: 44/44 MP: 12/12
  3627 | D:5      | Found an iron altar of Okawaru.
  3793 | D:5      | Reached skill level 4 in Invocations
  3851 | D:6      | Noticed manyhoops's ghost (novice GnWn)
  3871 | D:6      | Slain by manyhoops's ghost

Skill      XL: |  1  2  3  4  5  6  7  8 |
---------------+-------------------------+-----
Long Blades    | 3 4 5 6 7 8 |  8.6
Invocations    | 1 2 3 4 |  4.0
Fighting       | |  2.0
Armour         | |  1.1
Dodging        | |  2.1
Spellcasting   | |  2.0
Charms         | |  2.4

Action                   |  1- 3 |  4- 6 |  7- 9 || total
-------------------------+-------+-------+-------++-------
Melee: Falchion          |    69 |   146 |    88 ||   303
       Peck              |     8 |    32 |    18 ||    58
       Kick              |    14 |    33 |    25 ||    72
       Dagger            |       |     8 |    15 ||    23
Throw: Javelin           |       |       |     1 ||     1
 Cast: Infusion          |     9 |    19 |     7 ||    35
       Song of Slaying   |       |     1 |       ||     1
 Abil: Fly               |       |     1 |     1 ||     2
  Use: Scroll            |       |     5 |     4 ||     9
 Stab: Sleeping          |     2 |       |       ||     2
  Eat: Chunk             |       |     7 |     3 ||    10
Armor: Leather armour    |    18 |    70 |    29 ||   117
Dodge: Dodged            |    39 |   120 |    51 ||   210
       Rpst.: Falchion   |    13 |    40 |    12 ||    65
